 Dungeon Crawl Stone Soup version 0.23.2 (webtiles) character file.

Game seed: 9125382753298017206

17110 doot the Martial Artist (level 12, -4/80 HPs)
             Began as a Demonspawn Transmuter on Apr 7, 2019.
             Was a High Priest of Wu Jian.
             Slain by a sphinx (6 damage)
             ... while paralysed by a sphinx
             ... on level 14 of the Dungeon.
             The game lasted 00:50:11 (13458 turns).

doot the Martial Artist (Demonspawn Transmuter)    Turns: 13458, Time: 00:50:12

Health: -4/80      AC:  7    Str: 13    XL:     12   Next: 16%
Magic:  0/24       EV:  5    Int: 17    God:    Wu Jian [*****.]
Gold:   736        SH:  0    Dex: 19    Spells: 12/28 levels left

rFire    . . .     SeeInvis .     - Unarmed
rCold    . . .     Gourm    .   (shield currently unavailable)
rNeg     . . .     Faith    .   (armour currently unavailable)
rPois    x         Spirit   +   (helmet currently unavailable)
rElec    .         Reflect  .   (cloak currently unavailable)
rCorr    .         Harm     .   (gloves currently unavailable)
MR       .....                  (boots currently unavailable)
Stlth    +++.......             n - amulet of rage
HPRegen  0.23/turn              j - +5 ring of protection
MPRegen  0.19/turn              E - ring of wizardry

@: paralysed, spider-form
A: tiny, powered by pain 1, magic shield
a: End Transformation, Wall Jump, Serpent's Lash, Heavenly Storm, Renounce
Religion, Evoke Berserk Rage


You were on level 14 of the Dungeon.
You worshipped Wu Jian.
Wu Jian was extremely pleased with you.
You were not hungry.
You were a venomous arachnid creature.
You visited 2 branches of the dungeon, and saw 15 of its levels.

You collected 820 gold pieces.
You spent 84 gold pieces at shops.

Inventory:

Hand Weapons
 y - a +2 quarterstaff of chaos
 R - the +7 captain's cutlass {speed, disarm}
   (You found it on level 10 of the Dungeon)

   Attacks with this weapon are significantly faster.
Missiles
 a - 355 arrows
 D - a throwing net (quivered)
Armour
 b - a +2 robe of fire resistance
 x - a +0 cloak (melded)
 J - +0 steam dragon scales (melded)
 P - the +0 scale mail of Intercession {+Blink rF+ rC- Dex+3}
   (You found it on level 10 of the Dungeon)

   It affects your dexterity (+3).
   It protects you from fire.
   It makes you vulnerable to cold.
   It lets you blink.
 Q - a +1 pair of boots (melded)
Magical Staves
 K - an uncursed staff of cold
Jewellery
 j - a +5 ring of protection (left front leg)
 n - an amulet of rage (around neck)
 E - a ring of wizardry (right front leg)
 N - a +5 ring of strength
 U - an uncursed ring of see invisible {unknown}
Wands
 o - a wand of iceblast (10)
 B - a wand of scattershot (7)
 G - a wand of flame (32)
 S - a wand of clouds (3)
Scrolls
 c - 2 scrolls of noise {unknown}
 e - 9 scrolls of identify
 g - a scroll of remove curse
 h - a scroll of fear {unknown}
 i - a scroll of enchant weapon {unknown}
 k - 4 scrolls of blinking {unknown}
 l - 2 scrolls of enchant armour {unknown}
 m - 4 scrolls of teleportation
 s - 3 scrolls of immolation {unknown}
 v - 3 scrolls of fog {unknown}
 F - 5 scrolls of amnesia {unknown}
 I - 3 scrolls of magic mapping {unknown}
 O - 2 scrolls of acquirement {unknown}
Potions
 f - 2 potions of cancellation
 p - a potion of agility
 q - a potion of heal wounds
 r - 2 potions of might {unknown}
 t - a potion of berserk rage {unknown}
 u - 3 potions of curing
 w - 5 potions of flight
 z - 4 potions of haste
 A - 4 potions of lignification
 C - 2 potions of mutation {unknown}
 H - 3 potions of ambrosia {unknown}
 L - 3 potions of degeneration {unknown}
 M - a potion of magic {unknown}
Comestibles
 d - 22 rations


   Skills:
 + Level 2.4 Fighting
 + Level 6.6 Dodging
 + Level 4.4 Stealth
 + Level 11.1 Unarmed Combat
 + Level 8.9 Spellcasting
 * Level 1.8 Summonings
 + Level 8.5 Transmutations
 + Level 3.7 Poison Magic
 + Level 1.2 Evocations


You had 12 spell levels left.
You knew the following spells:

 Your Spells              Type           Power        Failure   Level  Hunger
a - Beastly Appendage     Tmut           #####.       1%          1    None
b - Sticks to Snakes      Tmut           #####...     1%          2    None
c - Spider Form           Tmut/Pois      ####......   3%          3    None
d - Blade Hands           Tmut           #####.....   9%          5    #####..
e - Blink                 Tloc           N/A          13%         2    None
f - Call Canine Familiar  Summ           ##......     13%         3    None

Your spell library contained the following spells:

 Spells                   Type           Power        Failure   Level  Hunger
 Summon Butterflies       Summ           ##......     6%          1    None
 Call Imp                 Summ           ##......     8%          2    None
 Apportation              Tloc           #.....       10%         1    None
 Corona                   Hex            #......      10%         1    None
 Magic Dart               Conj           #...         10%         1    None
 Ensorcelled Hibernation  Hex/Ice        #.....       13%         2    None
 Slow                     Hex            #.......     13%         2    None
 Ice Form                 Ice/Tmut       ###.....     14%         4    ###....
 Mephitic Cloud           Conj/Pois/Air  ##......     16%         3    None
 Alistair's Intoxication  Tmut/Pois      ####....     19%         5    #####..
 Confuse                  Hex            #.......     22%         3    None
 Conjure Flame            Conj/Fire      #.......     22%         3    None
 Dazzling Spray           Conj/Hex       #.....       22%         3    None
 Lesser Beckoning         Tloc           #.........   22%         3    None
 Tukima's Dance           Hex            #.......     22%         3    None
 Summon Ice Beast         Ice/Summ       ##......     41%         4    ###....
 Summon Mana Viper        Hex/Summ       ##......     71%         5    #####..
 Invisibility             Hex            #.......     100%        6    ######.
 Summon Hydra             Summ           ##........   100%        7    #######


Dungeon Overview and Level Annotations

Branches:
Dungeon (14/15)            Temple (1/1) D:5            Lair (0/6) D:9
    Orc (0/2) D:9
 Vaults: D:13-14

Altars:
Ashenzari
Cheibriados
Dithmenos
Elyvilon
Fedhas
Gozag
Hepliaklqana
Kikubaaqudgha
Makhleb
Nemelex Xobeh
Okawaru
Qazlal
Ru
Sif Muna
Trog
Uskayaw
Vehumet
Wu Jian
Xom
Yredelemnul
Zin
The Shining One

Shops:
D:6 !*   D:12 *

Annotations:
D:13 1 runed translucent door, vishdafish's ghost, journeyman OpFi


Innate Abilities, Weirdness & Mutations

((You have sharp fingernails.))
((You are mostly covered in iridescent scales. (AC +4)))
You sometimes gain a little power by taking damage.
When hurt, damage is shared between your health and your magic reserves.


Message History

You hit the sphinx but do no damage.
The sphinx looks as sick as possible!
The sphinx is lightly wounded.
The sphinx casts a spell.
You suddenly lose the ability to move!
All of the chunks of flesh in your inventory have rotted away.
The sphinx hits you! The sphinx hits you. The sphinx barely misses you.
The sphinx hits you! The sphinx hits you. x2
The sphinx hits you but does no damage. The sphinx hits you.
The sphinx hits you! The sphinx hits you!
The sphinx hits you but does no damage. The sphinx hits you!
* * * LOW HITPOINT WARNING * * *
The sphinx hits you!!
* * * LOW HITPOINT WARNING * * *
You focus on the pain.
You feel your power returning. The sphinx hits you.
* * * LOW HITPOINT WARNING * * *
The sphinx hits you.
* * * LOW HITPOINT WARNING * * *
The sphinx hits you!
You die...

8.8 #.# 8.8
##.## 8.8
##.## #8.8#
##H## #8s8#
##.## #8.8#
##...##
##8...8##
##.......##
#8...<...8#
##.......##
##8...8##


You could see a sphinx.

Vanquished Creatures
  Harold (D:11)
  Josephine (D:11)
  A hydra (D:8)
  2 two-headed ogres
  Pikel (D:9)
  A deep elf mage (D:13)
  A cyclops (D:13)
  Psyche (D:11)
  A komodo dragon (D:13)
  2 trolls
  A slime creature (D:13)
  2 dream sheep (D:8)
  2 hippogriffs
  Prince Ribbit (D:5)
  6 yaks
  2 water elementals (D:13)
  5 wraiths
  A wyvern (D:8)
  A steam dragon (D:9)
  3 hungry ghosts (D:9)
  A water moccasin (D:13)
  Duvessa (D:5)
  8 orc warriors
  2 black bears
  A sky beast (D:11)
  A necrophage (D:7)
  2 ice beasts
  A phantom (D:12)
  6 ogres
  12 centaurs
  2 crocodiles
  6 big kobolds
  6 bullfrogs
  Dowan (D:5)
  A water moccasin zombie (D:9)
  A water moccasin skeleton (D:7)
  3 scorpions
  5 killer bees (D:11)
  3 wights (D:11)
  2 electric eels (D:13)
  4 howler monkeys
  4 bullfrog zombies
  3 centaur zombies
  8 crimson imps
  7 jellies
  8 hounds
  Crazy Yiuf (D:3)
  2 centaur skeletons
  3 orc priests
  12 orc wizards
  A bullfrog skeleton (D:4)
  5 iguanas
  6 worker ants
  A hound skeleton (D:7)
  4 worker ant zombies
  7 gnolls
  A howler monkey skeleton (D:8)
  15 adders
  4 shadow imps
  17 oozes
  A worm (D:3)
  3 dart slugs
  8 leopard geckos
  49 orcs
  9 giant cockroaches
  9 goblins
  11 hobgoblins
  19 jackals
  41 kobolds
  3 quokkas
  4 ball pythons
  7 bats
  6 frilled lizards
  A giant cockroach zombie (D:6)
  A quokka zombie (D:7)
  7 rats
  A fungus (D:3)
394 creatures vanquished.

Vanquished Creatures (others)
  A howler monkey (D:9)
  A leopard gecko (D:11)
  2 jackals (D:9)
  10 fungi (D:13)
  6 plants (D:13)
20 creatures vanquished.

Grand Total: 414 creatures vanquished

Notes
Turn   | Place    | Note
-------+----------+-------------------------------------------
     0 | D:1      | doot the Demonspawn Transmuter began the quest for the Orb.
     0 | D:1      | Reached XP level 1. HP: 15/15 MP: 3/3
   225 | D:1      | Gained mutation: When hurt, damage is shared between your
                  | health and your magic reserves. [demonic ancestry]
   225 | D:1      | Reached XP level 2. HP: 21/21 MP: 3/5
   441 | D:1      | Reached skill level 3 in Unarmed Combat
   604 | D:1      | Learned a level 2 spell: Sticks to Snakes
   661 | D:1      | Reached XP level 3. HP: 16/26 MP: 3/6
   666 | D:1      | Learned a level 3 spell: Spider Form
  1404 | D:2      | Gained mutation: You are partially covered in iridescent
                  | scales. (AC +2) [demonic ancestry]
  1404 | D:2      | Reached XP level 4. HP: 22/32 MP: 5/7
  2472 | D:3      | Gained mutation: You are mostly covered in iridescent
                  | scales. (AC +4) [demonic ancestry]
  2472 | D:3      | Reached XP level 5. HP: 29/37 MP: 7/9
  3214 | D:3      | Found a runed translucent door.
  3244 | D:3      | Noticed Crazy Yiuf
  3252 | D:3      | Killed Crazy Yiuf
  3375 | D:4      | Reached skill level 4 in Unarmed Combat
  3379 | D:4      | Reached XP level 6. HP: 36/43 MP: 6/11
  3449 | D:4      | Learned a level 5 spell: Blade Hands
  3815 | D:4      | Reached XP level 7. HP: 29/48 MP: 3/12
  3950 | D:4      | Reached skill level 1 in Poison Magic
  4392 | D:4      | Reached skill level 1 in Stealth
  4455 | D:5      | Entered Level 5 of the Dungeon
  4467 | D:5      | Noticed Prince Ribbit
  4561 | D:5      | Killed Prince Ribbit
  4561 | D:5      | Reached skill level 5 in Unarmed Combat
  4806 | D:5      | Gained mutation: You sometimes gain a little power by
                  | taking damage. [demonic ancestry]
  4806 | D:5      | Reached XP level 8. HP: 51/54 MP: 11/14
  4820 | D:5      | Noticed Dowan
  4820 | D:5      | Noticed Duvessa
  4846 | D:5      | Killed Duvessa
  4943 | D:5      | Learned a level 2 spell: Blink
  4946 | D:5      | Found a sparkling altar of Nemelex Xobeh.
  5192 | D:5      | Reached skill level 6 in Unarmed Combat
  5261 | D:5      | Found a staircase to the Ecumenical Temple.
  5279 | Temple   | Entered the Ecumenical Temple
  5398 | Temple   | Became a worshipper of the Wu Jian Council
  5528 | D:5      | Reached skill level 5 in Spellcasting
  5583 | D:5      | Killed Dowan
  6445 | D:6      | Reached XP level 9. HP: 52/61 MP: 12/16
  6486 | D:6      | Reached skill level 7 in Unarmed Combat
  6525 | D:6      | Reached * piety under Wu Jian
  6675 | D:6      | Found Ugolouxo's Assorted Antiques.
  6831 | D:6      | Found Aqax Roq's Distillery.
  6837 | D:6      | Bought a potion of curing for 42 gold pieces
  6837 | D:6      | Bought a potion of curing for 42 gold pieces
  6921 | D:7      | Found a bloodstained altar of Trog.
  6972 | D:7      | Reached skill level 5 in Dodging
  7115 | D:7      | Reached skill level 5 in Transmutations
  7233 | D:7      | Found a shimmering altar of Xom.
  7234 | D:7      | Noticed a two-headed ogre
  7246 | D:7      | Found a shimmering altar of Xom.
  7246 | D:7      | Found a shimmering altar of Xom.
  7246 | D:7      | Found a shimmering altar of Xom.
  7251 | D:7      | Found a shimmering altar of Xom.
  7251 | D:7      | Found a shimmering altar of Xom.
  7259 | D:7      | Killed a two-headed ogre
  7259 | D:7      | Reached ** piety under Wu Jian
  7524 | D:7      | Reached skill level 8 in Unarmed Combat
  7580 | D:7      | Gained mutation: You have sharp fingernails. [demonic
                  | ancestry]
  7580 | D:7      | Reached XP level 10. HP: 66/67 MP: 14/19
  7643 | D:7      | Found a hide-covered altar of Uskayaw.
  8636 | D:8      | Noticed a three-headed hydra
  8655 | D:8      | Killed a three-headed hydra
  8657 | D:8      | Reached *** piety under Wu Jian
  8922 | D:9      | Found a staircase to the Lair.
  8930 | D:9      | Reached skill level 9 in Unarmed Combat
  8966 | D:9      | Reached skill level 1 in Evocations
  9239 | D:9      | Noticed Pikel
  9242 | D:9      | Learned a level 3 spell: Call Canine Familiar
  9248 | D:9      | Killed Pikel
  9248 | D:9      | Reached XP level 11. HP: 72/72 MP: 10/22
  9607 | D:9      | Found a staircase to the Orcish Mines.
  9938 | D:10     | Entered Level 10 of the Dungeon
  9963 | D:10     | Reached skill level 1 in Summonings
  9975 | D:10     | Got a heavily runed scale mail
  9986 | D:10     | Identified the cursed +0 scale mail of Intercession {+Blink
                  | rF+ rC- Dex+3} (You found it on level 10 of the Dungeon)
 10020 | D:10     | Reached **** piety under Wu Jian
 10025 | D:10     | Found the +7 captain's cutlass {speed, disarm}
 10160 | D:10     | You fall through a shaft!
 10192 | D:11     | Noticed Josephine
 10198 | D:11     | Killed Josephine
 10204 | D:11     | Reached skill level 10 in Unarmed Combat
 10658 | D:11     | Found a stormy altar of Qazlal.
 10684 | D:11     | Noticed Psyche
 10684 | D:11     | Noticed a two-headed ogre
 10729 | D:11     | Killed a two-headed ogre
 10736 | D:11     | Killed Psyche
 11131 | D:11     | Noticed Harold
 11146 | D:11     | Killed Harold
 11396 | D:11     | You fall through a shaft for 2 floors!
 11397 | D:13     | Noticed a deep elf mage
 11408 | D:13     | Killed a deep elf mage
 11738 | D:13     | Found a runed translucent door.
 11745 | D:13     | Noticed vishdafish's ghost (journeyman OpFi)
 11745 | D:13     | Identified the +7 spear "Dyosche" {elec, rC- rN+ Str+10
                  | Dex-4}
 11745 | D:13     | Noticed a spriggan rider
 12225 | D:12     | Found Iciome's General Store.
 12389 | D:12     | Reached XP level 12. HP: 73/80 MP: 15/24
 12733 | D:12     | Reached ***** piety under Wu Jian
 12733 | D:12     | Reached skill level 11 in Unarmed Combat
 13443 | D:14     | Noticed a sphinx
 13446 | D:14     | Paralysed by a sphinx for 4 turns
 13453 | D:14     | Paralysed by a sphinx for 5 turns
 13457 | D:14     | HP: 4/80 [sphinx (14)]
 13458 | D:14     | Slain by a sphinx

Skill      XL: |  1  2  3  4  5  6  7  8  9 10 11 12 |
---------------+-------------------------------------+-----
Dodging        | 2 3 4 5 6 |  6.6
Unarmed Combat | 3 4 5 6 8 9 10 11 | 11.1
Transmutations | 2 3 4 5 7 8 |  8.5
Spellcasting   | 3 4 5 6 7 8 |  8.9
Poison Magic   | 1 2 3 |  3.7
Stealth        | 1 2 3 4 |  4.4
Fighting       | 2 |  2.4
Evocations     | 1 |  1.2
Summonings     | 1 |  1.8

Action                   |  1- 3 |  4- 6 |  7- 9 | 10-12 || total
-------------------------+-------+-------+-------+-------++-------
Melee: Unarmed           |    96 |   254 |   361 |   491 ||  1202
       Kick              |    11 |    26 |       |       ||    37
       Headbutt          |     5 |     8 |    18 |     8 ||    39
       Punch             |     1 |     1 |     4 |     9 ||    15
 Cast: Beastly Appendage |    20 |    32 |    13 |     4 ||    69
       Spider Form       |     1 |    12 |    27 |     8 ||    48
       Sticks to Snakes  |       |       |     2 |     3 ||     5
       Blade Hands       |       |       |    10 |    48 ||    58
       Call Canine Famil |       |       |       |     8 ||     8
Invok: Lunge             |       |       |    15 |    42 ||    57
       Whirlwind         |       |       |    13 |    64 ||    77
Evoke: Wand              |       |       |       |     1 ||     1
  Use: Scroll            |       |       |     6 |     2 ||     8
       Potion            |       |       |       |     3 ||     3
 Stab: Sleeping          |     1 |     1 |     3 |     8 ||    13
       Distracted        |       |       |     2 |       ||     2
  Eat: Chunk             |     2 |     9 |    16 |    27 ||    54
       Ration            |       |       |     1 |     2 ||     3
Armor: Robe              |    12 |    65 |    66 |    17 ||   160
       Skin              |       |     4 |    18 |    11 ||    33
       Steam dragon scal |       |       |       |   103 ||   103
Dodge: Dodged            |    39 |   219 |   283 |   267 ||   808
